 Seeded DCSS version 0.29.1-15-g9cfb28693d (webtiles) character file.

Game seed: 16245865983455551772 (custom seed)

4 Atreus the Chopper (level 1, 18/21 HPs)
             Began as a Naga Berserker on Mar 8, 2023.
             Was a Follower of Trog.
             Quit the game on level 1 of the Dungeon.
             The game lasted 00:00:38 (61 turns).

Atreus the Chopper (Naga Berserker)                   Turns: 61, Time: 00:00:38

Health: 18/21      AC:  1    Str: 19    XL:     1   Next: 60%
Magic:  1/1        EV:  9    Int:  7    God:    Trog [*.....]
Gold:   0          SH:  0    Dex: 10    Spells: 0/0 levels left

rFire   . . .      SeeInvis +   a - +0 hand axe
rCold   . . .      Faith    .   (no shield)
rNeg    . . .      Spirit   .   b - +0 animal skin
rPois   +          Reflect  .   (no helmet)
rElec   .          Harm     .   (no cloak)
rCorr   .          Rampage  .   (no gloves)
Will    .....                   (no barding)
Stlth   +.........              (no amulet)
HPRegen 0.07/turn               (no ring)
MPRegen 0.07/turn               (no ring)

@: very slow
A: AC +0, large, see invisible, deformed body, poison resistance, slowness 2,
spit poison 1, naga tail 1
a: Spit Poison, Renounce Religion, Berserk


You were on level 1 of the Dungeon.
You worshipped Trog.
Trog was aware of your devotion.
You visited 1 branch of the dungeon, and saw 1 of its levels.

Inventory:

Hand Weapons
 a - a +0 hand axe (weapon)
 e - the +9 broad axe of Nutammot {flame, rF+}
   (You acquired it on level 1 of the Dungeon)

   It burns those it strikes, dealing additional fire damage.
   Big, fiery blades are also staple armaments of hydra-hunters.
   rF:        It protects you from fire.
Armour
 b - a +0 animal skin (worn)
 d - the +2 barding "Nomaiwe" {Dex+6}
   (You acquired it on level 1 of the Dungeon)

   Dex:       It affects your dexterity (+6).
Scrolls
 c - a scroll of acquirement


   Skills:
 - Level 3.0 Fighting
 - Level 3.0 Axes
 - Level 1.5 Armour
 - Level 1.5 Dodging
 * Level 0.9 Stealth


You couldn't memorise any spells.
You didn't know any spells.
Your spell library was empty.

Dungeon Overview and Level Annotations

Branches:
Dungeon (1/15)

Altars:


Innate Abilities, Weirdness & Mutations

Your serpentine skin is tough. (AC +0)
You have supernaturally acute eyesight. (SInv)
Armour fits poorly on your strangely shaped body.
Your system is resistant to poisons. (rPois)
You cover ground very slowly.
You can spit poison.
You have a snake-like lower body.


Message History

Aim: a goblin, wielding a +0 dagger (43% to hit)
The splash of poison hits the goblin.
You kill the goblin!
Trog accepts your kill. The quokka misses you. The quokka barely misses you.
You hit the quokka.
You kill the quokka!
Trog accepts your kill.
You have got your breath back.
Found 6 stones.
An endoplasm comes into view.
Found 3 scrolls labelled WAC GOIFOFITOUPLEC.
Aiming: Spit Poison (3% risk of failure)
Press: ? - help, Q - select action Shift-Dir - straight line, f - endoplasm
Aim: an endoplasm (asleep, 100% to hit)
The splash of poison hits the endoplasm.
The endoplasm is lightly wounded.
The endoplasm quivers.
The endoplasm freezes you.
You are frozen.
You have got your breath back.
The endoplasm hits you.
You hit the endoplasm.
The endoplasm is heavily wounded.
The endoplasm closely misses you.
You slash the endoplasm!
You kill the endoplasm!
Trog accepts your kill.
c - 3 scrolls labelled WAC GOIFOFITOUPLEC
There are no items here.
This is a scroll of acquirement!
Something appears before you!
d - the +2 barding "Nomaiwe" {Dex+6} Something appears before you!
e - the +9 broad axe of Nutammot {flame, rF+} Are you sure you want to abandon this character and quit the game? (Confirm with "yes".)
Okay, then.
Unknown command.
Are you sure you want to abandon this character and quit the game? (Confirm with "yes".)

# .# #.#
######..###
#.@........
.......#..#.....
#.##...#..# ...
#...###.## #
#...#(#..#
#..##.##.##
#..#...#..# ...
#.##...##.##
....
#.....#..#.....


There were no monsters in sight!

Vanquished Creatures
  An endoplasm (D:1)
  A goblin (D:1)
  A quokka (D:1)
3 creatures vanquished.

Notes
Turn   | Place    | Note
-------+----------+-------------------------------------------
     0 | D:1      | Atreus the Naga Berserker began the quest for the Orb.
     0 | D:1      | Reached XP level 1. HP: 21/21 MP: 1/1
    57 | D:1      | Identified 3 scrolls of acquirement
    57 | D:1      | Acquired the +2 barding "Nomaiwe" {Dex+6}
    59 | D:1      | Acquired the +9 broad axe of Nutammot {flame, rF+}
    61 | D:1      | Quit the game

Illustrated notes

Levels and vault maps discovered:
D:1:      minmay_arrival_hallway, layout_loops_corners, basic_ecumenical_altar,
          minmay_unequal

Action                   || total
-------------------------++-------
Melee: Hand axe          ||     3
 Abil: Spit Poison       ||     2
  Use: Scroll            ||     2
Dodge: Dodged            ||     3
